 Dungeon Crawl Stone Soup version 0.27.0-1-g7a089689b8 (webtiles) character file.

Game seed: 186365763658632126

122 MrDassem the Ruffian (level 4, -4/58 HPs)
             Began as a Minotaur Fighter on Aug 14, 2021.
             Slain by Pikel (6 damage)
             ... on level 4 of the Dungeon.
             The game lasted 00:04:18 (2797 turns).

MrDassem the Ruffian (Minotaur Fighter)             Turns: 2797, Time: 00:04:18

Health: -4/58      AC:  8    Str: 22    XL:     4   Next: 78%
Magic:  3/3        EV:  8    Int:  5    God:
Gold:   138        SH:  9    Dex:  9    Spells: 3/3 levels left

rFire    + . .     SeeInvis .     - Unarmed
rCold    . . .     Faith    .   b - +0 kite shield
rNeg     + . .     Spirit   .   m - +2 ring mail {rF+}
rPois    .         Reflect  .   (helmet restricted)
rElec    .         Harm     .   (no cloak)
rCorr    .         Rampage  .   l - +0 pair of gloves
Will     .....                  (no boots)
Stlth    ..........             h - amulet of magic regeneration
HPRegen  0.19/turn              f - ring of positive energy
MPRegen  0.33/turn              (no ring)

@: berserking, very quick
A: horns 2, retaliatory headbutt
a: no special abilities


You were on level 4 of the Dungeon.
You visited 1 branch of the dungeon, and saw 4 of its levels.

You collected 138 gold pieces.

Inventory:

Armour
 b - a +0 kite shield (worn)
 l - a +0 pair of gloves (worn)
 m - a +2 ring mail of fire resistance (worn)
Jewellery
 f - a ring of positive energy (left hand)
 h - an amulet of magic regeneration (around neck)
Scrolls
 i - a scroll of amnesia {unknown}
 k - a scroll of teleportation {unknown}
 n - a scroll of blinking {unknown}
Potions
 a - a potion of attraction {unknown}
 c - a potion of might
 d - a potion of magic {unknown}
 e - a potion of berserk rage
 g - a potion of heal wounds {unknown}
 j - a potion of curing {unknown}


   Skills:
 - Level 3.6 Fighting
 - Level 3.6 Armour
 - Level 3.6 Shields
 * Level 5.6 Unarmed Combat


You had 3 spell levels left.
You didn't know any spells.
Your spell library contained the following spells:

 Spells                   Type           Power      Damage    Failure   Level
 Summon Small Mammal      Summ           0%         N/A       98%         1
 Call Canine Familiar     Summ           0%         N/A       100%        3
 Ozocubu's Armour         Ice            0%         N/A       100%        3
 Summon Guardian Golem    Hex/Summ       0%         N/A       100%        3
 Metabolic Englaciation   Hex/Ice        0%         N/A       100%        5
 Simulacrum               Ice/Necr       0%         N/A       100%        6


Dungeon Overview and Level Annotations

Branches:
Dungeon (4/15)
 Temple: D:4-7

Altars:
Dithmenos
Hepliaklqana
Qazlal
Xom

Shops:
D:3 :

Annotations:
D:4 Pikel


Innate Abilities, Weirdness & Mutations

You have a pair of horns on your head.
You reflexively headbutt those who attack you in melee.


Message History

You closely miss the lemure.
Pikel hits you with a +1 whip of flaming.
The lemure hits you but does no damage. The lemure barely misses you.
You hit the lemure.
The lemure is lightly wounded.
Pikel hits you with a +1 whip of flaming.
The lemure hits you! The lemure barely misses you.
Pikel hits you with a +1 whip of flaming.
Pikel burns you.
You hit the lemure. You headbutt the lemure!
The lemure is severely wounded.
The lemure barely misses you. You furiously retaliate!
You headbutt the lemure. You block the lemure's attack.
Pikel hits you with a +1 whip of flaming.
You hit the lemure. Your headbutt misses the lemure.
The lemure is almost dead.
You block the lemure's attack. The lemure hits you.
Pikel hits you but does no damage.
You completely miss the lemure. Your headbutt misses the lemure.
The lemure is almost dead.
You block the lemure's attack. The lemure barely misses you.
You furiously retaliate!
You headbutt the lemure, but do no damage.
Pikel hits you with a +1 whip of flaming!
Pikel burns you.
You barely miss Pikel. You block the lemure's attack.
The lemure barely misses you. You block Pikel's attack.
You closely miss Pikel. Your headbutt misses Pikel.
You block the lemure's attack. x2
Pikel hits you with a +1 whip of flaming!
* * * LOW HITPOINT WARNING * * *
Pikel burns you.
* * * LOW HITPOINT WARNING * * *
The lemure hits you but does no damage.
It was a potion of berserk rage.
A red film seems to cover your vision as you go berserk!
You feel yourself moving faster!
You feel mighty! You block the lemure's attack.
Pikel hits you with a +1 whip of flaming.
You die...

##...###+###†.#
#...# #..#
#.### ##.###
#.. +....#
#...## #....#
###+###....#
..........##
......5@###
......5K#
##.....55
........!#
.........#
..........
.?........
...#.....##


You could see Pikel and 4 lemures.

Vanquished Creatures
  A jelly (D:3)
  3 adders
  An adder skeleton (D:4)
  2 worms
  A dart slug (D:3)
  2 orcs (D:3)
  2 bats
  7 endoplasms
  2 giant cockroaches
  4 goblins
  6 hobgoblins
  4 jackals (D:2)
  A quokka (D:3)
  4 ball pythons
  A frilled lizard (D:3)
  5 kobolds
  2 rats
48 creatures vanquished.

Notes
Turn   | Place    | Note
-------+----------+-------------------------------------------
     0 | D:1      | MrDassem the Minotaur Fighter began the quest for the Orb.
     0 | D:1      | Reached XP level 1. HP: 19/19 MP: 0/0
   411 | D:1      | Reached skill level 3 in Unarmed Combat
   551 | D:1      | Reached XP level 2. HP: 23/26 MP: 1/1
   735 | D:1      | Found a faded altar of an unknown god.
  1318 | D:2      | Reached XP level 3. HP: 26/31 MP: 2/2
  1408 | D:2      | Reached skill level 4 in Unarmed Combat
  2216 | D:3      | Reached skill level 5 in Unarmed Combat
  2216 | D:3      | Reached XP level 4. HP: 36/39 MP: 3/3
  2408 | D:3      | Found a hazy altar of Hepliaklqana.
  2408 | D:3      | Found a shimmering altar of Xom.
  2409 | D:3      | Found a shadowy altar of Dithmenos.
  2475 | D:3      | Found Wuymuont's Book Shop.
  2720 | D:4      | Found a stormy altar of Qazlal.
  2786 | D:4      | Noticed a lemure
  2786 | D:4      | Noticed a lemure
  2786 | D:4      | Noticed a lemure
  2786 | D:4      | Noticed Pikel
  2786 | D:4      | Noticed a lemure
  2796 | D:4      | HP: 1/39 [Pikel (1)]
  2797 | D:4      | Slain by Pikel

Illustrated notes

Levels and vault maps discovered:
D:1:      dpeg_arrival_windows_large_door, layout_basic,
          dreamdust_ecumenical_altar_angels_and_demons,
          minmay_misc_feat_diagonals, serial_park_tiny_pond,
          grunt_decor_fettered
D:2:      layout_loops_ring
D:3:      kennysheep_the_goblin_king, layout_loops_cross, bloody_trog,
          gammafunk_temple_overflow_claw, serial_shops, nicolae_shop_trees
D:4:      minmay_polygon_palace, layout_cave_pools, amcnicky_altar_gilded,
          nicolae_qazlal_scattered_showers, minmay_temple_entry_glassed_door,
          uniq_pikel

Skill      XL: |  1  2  3 |
---------------+----------+-----
Unarmed Combat | 3 5 |  5.6
Fighting       | |  3.6
Armour         | |  3.6
Shields        | |  3.6

Action                   |  1- 3 |  4- 6 || total
-------------------------+-------+-------++-------
Melee: Unarmed           |   104 |    38 ||   142
       Headbutt          |    10 |     8 ||    18
  Use: Potion            |       |     1 ||     1
Armor: Scale mail        |    34 |       ||    34
       Ring mail         |     2 |     8 ||    10
Dodge: Dodged            |    33 |    14 ||    47
Block: Kite shield       |    44 |    23 ||    67
